 Dungeon Crawl Stone Soup version 0.26-a0-466-g989023bd0d (webtiles) character file.

Game seed: 5464583594326634486

11 kae the Insei (level 2, 17/22 HPs)
             Began as a Demonspawn Gladiator on Aug 11, 2020.
             Quit the game on level 1 of the Dungeon.
             The game lasted 00:00:18 (375 turns).

kae the Insei (Demonspawn Gladiator)                 Turns: 375, Time: 00:00:19

Health: 17/22      AC:  3    Str: 14    XL:     2   Next: 13%
Magic:  2/2        EV: 12    Int:  9    God:
Gold:   32         SH:  0    Dex: 14    Spells: 1/1 levels left

rFire    . . .     SeeInvis .     - Unarmed
rCold    . . .     Faith    .   (no shield)
rNeg     . . .     Spirit   .   a - +0 leather armour
rPois    .         Reflect  .   (helmet restricted)
rElec    .         Harm     .   (no cloak)
rCorr    .                      (no gloves)
MR       .....                  (no boots)
Stlth    +.........             (no amulet)
HPRegen  0.07/turn              (no ring)
MPRegen  0.08/turn              (no ring)

@: no status effects
A: horns 1
a: no special abilities


You were on level 1 of the Dungeon.
You visited 1 branch of the dungeon, and saw 1 of its levels.

You collected 32 gold pieces.

Inventory:

Missiles
 c - 3 throwing nets (quivered)
Armour
 a - a +0 leather armour (worn)
 b - a +0 helmet
Scrolls
 d - a scroll of teleportation {unknown}
 e - a scroll of remove curse {unknown}
 f - a scroll of amnesia {unknown}


   Skills:
 + Level 2.2 Fighting
 - Level 1.7 Throwing
 - Level 2.6 Dodging
 * Level 3.1 Unarmed Combat


You had one spell level left.
You didn't know any spells.
Your spell library was empty.

Dungeon Overview and Level Annotations

Branches:
Dungeon (1/15)

Altars:


Innate Abilities, Weirdness & Mutations

You have a pair of small horns on your head.


Message History

You have reached level 2!
Your demonic ancestry asserts itself...
A pair of horns grows on your head!
Your +0 helmet falls away!
You see here 2 boomerangs.
You see here 2 boomerangs.
You hit the goblin. You headbutt the goblin.
You kill the goblin!
You hit the hobgoblin.
The hobgoblin is severely wounded.
The hobgoblin hits you with a +0 club.
You barely miss the hobgoblin. You headbutt the hobgoblin.
You kill the hobgoblin!
No target in view!
Things that are here:
a +0 club; a +0 club No target in view!
No target in view!
You see here a rat corpse.
Are you sure you want to abandon this character and quit the game? (Confirm with "yes".)

#...#.. +...#.#
#...#.#. ###§..#.#..
..+§§..>+...
.♣#§.°..#....
♣♣.§§#..#.....
∩.♣♣§...#......♣♣♣♣♣♣♣
.∩♣☼♣♣..#.....?.@)(..#
..∩.♣.♣.#....#+#+###.#
...∩♣.♣.#. ..#.#.# #.#
.8..♣♣..####...#.# #.#
.§.∩.♣♣.##.......# #.#
.§§§♣..°##.......# #.#
.∩♣○♣♣○°.........# #.#
∩.♣♣.§§§.#...#+#.###.#
.♣.♣○#☼§.#†..#.#...#.#


There were no monsters in sight!

Vanquished Creatures
  A giant cockroach (D:1)
  3 goblins (D:1)
  2 hobgoblins (D:1)
  A kobold (D:1)
  3 rats (D:1)
10 creatures vanquished.

Notes
Turn   | Place    | Note
-------+----------+-------------------------------------------
     0 | D:1      | kae the Demonspawn Gladiator began the quest for the Orb.
     0 | D:1      | Reached XP level 1. HP: 16/16 MP: 1/1
   124 | D:1      | Reached skill level 3 in Unarmed Combat
   366 | D:1      | Gained mutation: You have a pair of small horns on your
                  | head. [demonic ancestry]
   366 | D:1      | Reached XP level 2. HP: 18/22 MP: 2/2
   375 | D:1      | Quit the game

Illustrated notes

Levels and vault maps discovered:
D:1:      heliophobic_arrival_enchanted_forest, layout_basic, serial_forest,
          infiniplex_forest_clump_double, infiniplex_forest_lined_2,
          infiniplex_forest_straight_3, infiniplex_forest_straight_2,
          infiniplex_forest_zigzag_2, infiniplex_forest_corner_2,
          infiniplex_forest_lined_2

Skill      XL: |  1 |
---------------+----+-----
Unarmed Combat | 3 |  3.1
Fighting       | |  2.2
Throwing       | |  1.7
Dodging        | |  2.6

Action                   || total
-------------------------++-------
Melee: Unarmed           ||    32
       Headbutt          ||     2
Armor: Leather armour    ||     5
Dodge: Dodged            ||    14

Table legend: (Time is in decaauts)
 A = Elapsed time spent in this place.
 B = Non-inter-level travel time spent in this place.
 C = Inter-level travel time spent in this place.
 D = Time resting spent in this place.
 E = Time spent auto-exploring this place.
 F = Levels seen in this place.
 G = Mean time per level.
                   A        B        C        D        E       F      G
               +--------+--------+--------+--------+--------+-----+--------+
         Total |    373 |    373 |      0 |      0 |    320 |   1 |  373.0 |
       Dungeon |    373 |    373 |      0 |      0 |    320 |   1 |  373.0 |
               +--------+--------+--------+--------+--------+-----+--------+

Top non-repeatable levels by time:
     D:1: 373 daAuts
